 Dungeon Crawl Stone Soup version 0.28-a0-1184-g53156a8862 (webtiles) character file.

Game seed: 13151135398530958694

73 leviel the Skirmisher (level 4, -4/40 HPs)
             Began as a Hill Orc Fighter on Dec 18, 2021.
             Was a Believer of Sif Muna.
             Slain by a gnoll (10 damage)
             ... on level 2 of the Dungeon.
             The game lasted 00:02:20 (1344 turns).

leviel the Skirmisher (Hill Orc Fighter)            Turns: 1344, Time: 00:02:21

Health: -4/40      AC:  9    Str: 20    XL:     4   Next: 27%
Magic:  4/4        EV:  7    Int:  8    God:    Sif Muna [**....]
Gold:   128        SH:  8    Dex: 10    Spells: 3/3 levels left

rFire   . . .      SeeInvis .   a - +0 war axe
rCold   . . .      Faith    .   e - +0 kite shield
rNeg    . . .      Spirit   .   b - +0 scale mail
rPois   .          Reflect  .   (no helmet)
rElec   .          Harm     .   (no cloak)
rCorr   .          Rampage  .   i - +0 pair of gloves
Will    .....                   g - +0 pair of boots
Stlth   ..........              (no amulet)
HPRegen 0.13/turn               (no ring)
MPRegen 0.09/turn               (no ring)

@: hasted, very quick
A: no striking features
a: Renounce Religion, Channel Magic


You were on level 2 of the Dungeon.
You worshipped Sif Muna.
Sif Muna was pleased with you.
You visited 1 branch of the dungeon, and saw 2 of its levels.

You collected 128 gold pieces.

Inventory:

Hand Weapons
 a - a +0 war axe (weapon)
Armour
 b - a +0 scale mail (worn)
 e - a +0 kite shield (worn)
 g - a +0 pair of boots (worn)
 i - a +0 pair of gloves (worn)
Scrolls
 c - a scroll of identify {@r1}
 k - 2 scrolls of magic mapping
Potions
 f - 2 potions of haste


   Skills:
 + Level 4.3 Fighting
 + Level 3.7 Axes
 + Level 3.9 Armour
 * Level 3.9 Shields


You had 3 spell levels left.
You didn't know any spells.
Your spell library was empty.

Dungeon Overview and Level Annotations

Branches:
Dungeon (2/15)

Altars:
Sif Muna


Message History

You barely miss the gnoll. You block the gnoll's attack.
The gnoll barely misses you.
You hit the gnoll but do no damage. The gnoll hits you but does no damage.
The gnoll hits you from afar with a +0 halberd.
You barely miss the gnoll. The gnoll hits you with a +0 club.
The gnoll closely misses you. You block the gnoll's attack. x2
You hit the gnoll.
The gnoll is lightly wounded.
You block the gnoll's attack. x2
You hit the gnoll.
The gnoll is moderately wounded.
The gnoll hits you with a +0 club. You block the gnoll's attack.
The gnoll closely misses you.
The gnoll hits you from afar with a +0 halberd!
You are too injured to fight recklessly!
You are too injured to fight recklessly!
You are too injured to fight recklessly!
You are too injured to fight recklessly!
You are too injured to fight recklessly!
You are too injured to fight recklessly!
You are too injured to fight recklessly!
You are too injured to fight recklessly!
You are too injured to fight recklessly!
You are too injured to fight recklessly!
You are too injured to fight recklessly!
You are too injured to fight recklessly!
You block the gnoll's attack. The gnoll hits you with a +0 halberd.
You barely miss the gnoll.
A gnoll comes into view. It is wielding a +0 flail.
The gnoll hits you with a +0 halberd.
You barely miss the gnoll.
The gnoll shouts!
You block the gnoll's attack. The gnoll hits you with a +0 halberd!
* * * LOW HITPOINT WARNING * * *
You feel yourself speed up. You block the gnoll's attack.
You hit the gnoll.
The gnoll is moderately wounded.
The gnoll hits you with a +0 halberd!
You die...

.# .# #####.## .
....# #.#...#
#..##.#.g.#####
#......g.......
##.####g#######
#.####@# #......#
#.....## #.....#
###.....#
#.......# ##.#
#.#.....# # #..#.
#.##..#.#
#.#.##.##.##.##.#


You could see 3 gnolls.

Vanquished Creatures
  3 gnolls (D:2)
  2 worms (D:2)
  3 dart slugs
  4 bats
  3 endoplasms
  2 giant cockroaches (D:1)
  3 hobgoblins
  A quokka (D:1)
  4 ball pythons
  4 frilled lizards
  2 goblins (D:1)
  2 kobolds (D:1)
  2 rats
35 creatures vanquished.

Notes
Turn   | Place    | Note
-------+----------+-------------------------------------------
     0 | D:1      | leviel the Hill Orc Fighter began the quest for the Orb.
     0 | D:1      | Reached XP level 1. HP: 19/19 MP: 1/1
    30 | D:1      | Found a faded altar of an unknown god.
    82 | D:1      | Prayed at the altar of an unknown god.
    82 | D:1      | Became a worshipper of Sif Muna the Loreminder
    82 | D:1      | Reached * piety under Sif Muna
   165 | D:1      | Reached XP level 2. HP: 22/27 MP: 2/2
   641 | D:1      | Reached skill level 4 in Fighting
   765 | D:1      | Reached XP level 3. HP: 33/33 MP: 3/3
  1017 | D:2      | Reached XP level 4. HP: 37/40 MP: 4/4
  1103 | D:2      | Reached ** piety under Sif Muna
  1344 | D:2      | Slain by a gnoll

Illustrated notes

Levels and vault maps discovered:
D:1:      psy_arrival_fountain, layout_basic, ebering_ecumenical_altar_abandoned
D:2:      layout_loops_cross, chequers_serial_rivers_micro_d

Skill      XL: |  1  2 |
---------------+-------+-----
Axes           | 3 |  3.7
Fighting       | 4 |  4.3
Armour         | |  3.9
Shields        | |  3.9

Action                   |  1- 3 |  4- 6 || total
-------------------------+-------+-------++-------
Melee: War axe           |    81 |    36 ||   117
  Use: Potion            |     3 |     1 ||     4
       Scroll            |       |     1 ||     1
Armor: Scale mail        |    51 |    21 ||    72
Dodge: Dodged            |    34 |    12 ||    46
Block: Buckler           |     4 |       ||     4
       Kite shield       |    24 |    20 ||    44

Table legend: (Time is in decaauts)
 A = Elapsed time spent in this place.
 B = Non-inter-level travel time spent in this place.
 C = Inter-level travel time spent in this place.
 D = Time resting spent in this place.
 E = Time spent auto-exploring this place.
 F = Levels seen in this place.
 G = Mean time per level.
                   A        B        C        D        E       F      G
               +--------+--------+--------+--------+--------+-----+--------+
         Total |   1402 |   1369 |     33 |      0 |   1029 |   2 |  701.0 |
       Dungeon |   1402 |   1369 |     33 |      0 |   1029 |   2 |  701.0 |
               +--------+--------+--------+--------+--------+-----+--------+

Top non-repeatable levels by time:
     D:1: 1008 daAuts
     D:2: 393 daAuts
